 Dungeon Crawl Stone Soup version 0.23.1 (webtiles) character file.

Game seed: 13266851136972466022

55 vatarom the Charmwright (level 3, -1/31 HPs)
             Began as a Gnoll Skald on Mar 17, 2019.
             Killed from afar by Natasha (8 damage)
             ... with a magic dart
             ... on level 2 of the Dungeon.
             The game lasted 00:03:36 (1790 turns).

vatarom the Charmwright (Gnoll Skald)               Turns: 1790, Time: 00:03:37

Health: -1/31      AC:  3    Str: 13 (14) XL:     3   Next: 93%
Magic:  9/9        EV: 19    Int: 14 (15) God:
Gold:   48         SH:  0    Dex: 17 (19) Spells: 11/12 levels left

rFire    . . .     SeeInvis .   a - +0 falchion
rCold    . . .     Gourm    .   (no shield)
rNeg     . . .     Faith    .   b - +0 leather armour
rPois    .         Spirit   .   (no helmet)
rElec    .         Reflect  .   (no cloak)
rCorr    .         Harm     .   (no gloves)
MR       .....                  (no boots)
Stlth    +++.......             (no amulet)
HPRegen  0.10/turn              (no ring)
MPRegen  0.11/turn              (no ring)

@: agile, very slightly contaminated, hasted, invisible, very quick
A: distributed training, fangs 1, strong nose
a: no special abilities


You were on level 2 of the Dungeon.
You were not hungry.

You visited 1 branch of the dungeon, and saw 2 of its levels.

You collected 48 gold pieces.

Inventory:

Hand Weapons
 a - a +0 falchion (weapon)
Missiles
 g - a throwing net (quivered) {!f}
Armour
 b - a +0 leather armour (worn)
Jewellery
 c - a +2 ring of protection {unknown}
Scrolls
 e - a scroll of identify {@r1}
 j - a scroll of enchant armour
Comestibles
 d - a ration {@e1}
 n - a chunk of flesh


   Skills:
 + Level 4.6 Fighting
 + Level 1.0 Short Blades
 + Level 4.6 Long Blades
 + Level 1.0 Axes
 + Level 1.0 Maces & Flails
 + Level 1.0 Polearms
 + Level 1.0 Staves
 + Level 1.0 Slings
 + Level 1.0 Bows
 + Level 1.0 Crossbows
 + Level 1.0 Throwing
 + Level 2.6 Armour
 + Level 4.6 Dodging
 + Level 1.0 Stealth
 + Level 1.0 Shields
 + Level 1.0 Unarmed Combat
 + Level 5.0 Spellcasting
 + Level 0.7 Conjurations
 + Level 0.7 Hexes
 + Level 5.4 Charms
 + Level 0.7 Summonings
 + Level 0.7 Necromancy
 + Level 0.7 Translocations
 + Level 0.7 Transmutations
 + Level 0.7 Fire Magic
 + Level 0.7 Ice Magic
 + Level 0.7 Air Magic
 + Level 0.7 Earth Magic
 + Level 0.7 Poison Magic
 + Level 1.0 Invocations
 + Level 1.0 Evocations


You had 11 spell levels left.
You knew the following spells:

 Your Spells              Type           Power        Failure   Level  Hunger
a - Infusion              Chrm           ###.         2%          1    None

Your spell library contained the following spells:

 Spells                   Type           Power        Failure   Level  Hunger
 Song of Slaying          Chrm           ###.....     3%          2    ##.....
 Shroud of Golubria       Chrm/Tloc      ##........   10%         2    ##.....
 Regeneration             Chrm/Necr      ##........   19%         3    ###....
 Spectral Weapon          Hex/Chrm       ##......     19%         3    ###....


Dungeon Overview and Level Annotations

Branches:
Dungeon (2/15)

Altars:

Annotations:
D:2 Natasha


Innate Abilities, Weirdness & Mutations

Your experience applies equally to all skills.
You have very sharp teeth.
Your uncanny sense of smell can sniff out nearby items.


Message History

You feel agile all of a sudden. Natasha claws you.
* * * LOW HITPOINT WARNING * * *
Okay, then.
As you read the scroll labeled VETHRE XUUCIKHLA, it crumbles to dust.
It is a scroll of identify.
j - a scroll of enchant armour Natasha misses you.
Unknown command.
Natasha claws you but does no damage. Natasha casts a spell at you.
You resist with significant effort.
You feel yourself speed up.
As you read the scroll labeled SEOXEMPE GOKLI, it crumbles to dust.
You feel blessed for a moment.
It was a scroll of remove curse.
You hit Natasha. You bite Natasha, but do no damage.
Natasha is heavily wounded.
Natasha casts a spell at you. The magic dart hits you!
You die...

.##.# #.# #. .##.# #.#
#.. .##.###.# #..
######### ........# #..
#...#...# ∆# ###.#####
#.# #.#.#.#.# ##.# ##.#
#.###.#...#.###...# #..#
#.....#####h5...#
##.#####
#....h#####.....#
.......#
#.###@#...#.###..#
...###.#####...#.#.#.#.#
...#
...............#...#.#.#
...+
...###.######..#########
...# ...# #[# #.# ..##
.### #.# #.. .## .# #.#
..# .#####.# ..#
.....).# .#


You could see Natasha.

Vanquished Creatures
  A gnoll (D:1)
  An adder (D:2)
  A worm (D:2)
  2 dart slugs (D:1)
  2 bats (D:1)
  A giant cockroach (D:1)
  2 goblins (D:1)
  2 hobgoblins (D:1)
  2 jackals (D:1)
  A quokka (D:2)
  3 frilled lizards
  7 kobolds (D:1)
  6 rats (D:1)
31 creatures vanquished.

Notes
Turn   | Place    | Note
-------+----------+-------------------------------------------
     0 | D:1      | vatarom the Gnoll Skald began the quest for the Orb.
     0 | D:1      | Reached XP level 1. HP: 20/20 MP: 6/6
   127 | D:1      | Reached XP level 2. HP: 10/26 MP: 7/7
   562 | D:1      | Reached XP level 3. HP: 23/31 MP: 9/9
   573 | D:1      | Reached skill level 5 in Spellcasting
  1182 | D:1      | Reached skill level 1 in Invocations
  1540 | D:2      | Reached skill level 1 in Short Blades
  1540 | D:2      | Reached skill level 1 in Axes
  1540 | D:2      | Reached skill level 1 in Maces & Flails
  1540 | D:2      | Reached skill level 1 in Polearms
  1540 | D:2      | Reached skill level 1 in Staves
  1540 | D:2      | Reached skill level 1 in Slings
  1540 | D:2      | Reached skill level 1 in Bows
  1540 | D:2      | Reached skill level 1 in Crossbows
  1540 | D:2      | Reached skill level 1 in Throwing
  1540 | D:2      | Reached skill level 1 in Stealth
  1540 | D:2      | Reached skill level 1 in Shields
  1540 | D:2      | Reached skill level 1 in Unarmed Combat
  1540 | D:2      | Reached skill level 1 in Evocations
  1752 | D:2      | Noticed Natasha
  1790 | D:2      | Killed from afar by Natasha

Skill      XL: |  1  2  3 |
---------------+----------+-----
Spellcasting   | 5 |  5.0
Invocations    | 1 |  1.0
Short Blades   | 1 |  1.0
Axes           | 1 |  1.0
Maces & Flails | 1 |  1.0
Polearms       | 1 |  1.0
Staves         | 1 |  1.0
Slings         | 1 |  1.0
Bows           | 1 |  1.0
Crossbows      | 1 |  1.0
Throwing       | 1 |  1.0
Stealth        | 1 |  1.0
Shields        | 1 |  1.0
Unarmed Combat | 1 |  1.0
Evocations     | 1 |  1.0
Fighting       | |  4.6
Long Blades    | |  4.6
Armour         | |  2.6
Dodging        | |  4.6
Conjurations   | |  0.7
Hexes          | |  0.7
Charms         | |  5.4
Summonings     | |  0.7
Necromancy     | |  0.7
Translocations | |  0.7
Transmutations | |  0.7
Fire Magic     | |  0.7
Ice Magic      | |  0.7
Air Magic      | |  0.7
Earth Magic    | |  0.7
Poison Magic   | |  0.7

Action                   || total
-------------------------++-------
Melee: Falchion          ||   120
       Bite              ||    16
       Punch             ||     1
  Use: Potion            ||     5
       Scroll            ||     2
  Eat: Chunk             ||     3
Armor: Leather armour    ||    35
Dodge: Dodged            ||    88
       Rpst.: Falchion   ||    42
